Cogmind - Beta 16 @@@ ROGUE MODE // 2025.12.03 @ 23:05:22 Player: Vyckalino Result: Destroyed by S-10 Pest with Light Assault Rifle Performance ------------- Evolutions (2) 1000 Regions Visited (4) 800 Robots Destroyed (21) 105 Value Destroyed (400) 400 Prototype IDs (0) 0 Alien Tech Used (0) 0 Bonus (132) 132 TOTAL SCORE: 2437 Bonus ------- Follower Combat Kills 132 Cogmind --------- Core Integrity 0/550 Matter 300/300 Energy 265/265 System Corruption 2% Temperature Cool (0) Movement Core (150) Ox2 Location -8/Materials Parts ------- > --- POWER (1) -------- Improved Ion Engine > --- PROPULSION (4) --- (None) > --- UTILITY (4) ------ (None) > --- WEAPON (2) ------- (None) > --- INVENTORY (5) ---- Nuclear Core Sensor Array Peak State ------------ > --- POWER ------------ Nuclear Core > --- PROPULSION ------- Light Treads Armored Treads > --- UTILITY ---------- Improved Heat Sink Cooling System Medium Storage Unit ECM Suite > --- WEAPON ----------- Field Laser Particle Cannon > --- INVENTORY -------- Improved Ion Engine Wheel Heat Sink Sensor Array Improved Terrain Scanner Improved Targeting Computer Light Armor Plating [Rating: 20] Favorites ----------- Power Improved Ion Engine Engine Improved Ion Engine Power Core Light Nuclear Core Propulsion Improved Hover Unit Treads Armored Treads Leg Aluminum Leg Wheel Wheel Hover Unit Improved Hover Unit Utility Medium Storage Unit Device Sensor Array Storage Medium Storage Unit Protection Hardened Light Armor Plating Weapon EM Pulse Gun Energy Gun EM Pulse Gun Energy Cannon Particle Cannon Build | -11 -10 -9 -9 -8 ------- Run | Yrd Mat Mat Min Mat Slots Evolved 4 | . . 2 . 2 Power . | . . . . . Propulsion 2 | . . 1 . 1 Utility 2 | . . 1 . 1 Weapon . | . . . . . Parts Attached 28 | 6 4 3 3 12 Power 6 | 1 . . 2 3 Engine 4 | 1 . . 2 1 Core 2 | . . . . 2 Reactor . | . . . . . Propulsion 9 | 2 2 1 1 3 Treads 2 | . . . . 2 Leg 2 | 2 . . . . Wheel 1 | . . . . 1 Hover 4 | . 2 1 1 . Flight . | . . . . . Utility 10 | 2 2 2 . 4 Device 6 | 1 1 . . 4 Storage 2 | 1 1 . . . Processor . | . . . . . Hackware . | . . . . . Protection 2 | . . 2 . . Artifact . | . . . . . Weapon 3 | 1 . . . 2 Energy Gun 2 | 1 . . . 1 Energy Cannon 1 | . . . . 1 Ballistic Gun . | . . . . . Ballistic Cannon . | . . . . . Launcher . | . . . . . Special Weapon . | . . . . . Impact Weapon . | . . . . . Slashing Weapon . | . . . . . Piercing Weapon . | . . . . . Special Melee Weapon . | . . . . . Unidentified Prototypes . | . . . . . Parts Lost 11 | . . . 2 9 Power 1 | . . . . 1 Propulsion 6 | . . . 2 4 Utility 2 | . . . . 2 Weapon 2 | . . . . 2 Highest Loss Streak 4 | . . . 2 4 To Critical Strikes . | . . . . . Average Backups 7 | 1 5 6 8 7 Power 1 | . 1 1 1 1 Propulsion 1 | . 2 2 1 . Utility 3 | . 1 2 4 5 Weapon . | . . 1 1 . Tool/Special . | . . . . . Unused Backups 3 | . . . . 3 Power . | . . . . . Propulsion . | . . . . . Utility 2 | . . . . 2 Weapon 1 | . . . . 1 Tool/Special . | . . . . . Average Slot Usage (%) 68 | . 85 87 66 58 Engine 8 | . 14 11 11 3 Core 1 | . . . . 4 Treads 3 | . . . . 9 Leg 1 | . 9 . . . Hover 14 | . 18 33 22 2 Device 14 | . 14 11 11 17 Storage 10 | . 14 11 11 8 Protection 1 | . . 10 . . Energy Gun 9 | . 14 11 11 5 Energy Cannon 2 | . . . . 6 Peak Build Rating 20 | 8 9 13 13 20 Average Rating 10 | 6 8 12 9 13 On Entrance 8 | . 8 9 13 10 Avg Prop Armor Cover (%) . | . . . . . Naked Turns . | . . . . . Heaviest Build 29 | 13 13 23 23 29 Greatest Support 40 | 20 20 21 14 40 Greatest Overweight (x) 4 | . . 1 3 4 Average Overweight (x) . | . . . 1 . Largest Inventory Capacity 10 | 8 10 10 10 10 Average Capacity 9 | 7 8 9 10 9 Most Carried 10 | 3 8 7 9 10 Average Carried 7 | 1 5 6 8 7 Final Capacity 10 | 8 8 10 10 5 Final Carried 9 | 2 8 7 9 2 Class Distribution -------------------- 100% | Mutant Dominant Class ---------------- Mutant | -10/Materials Mutant | -9/Materials Mutant | -9/Mines Mutant | -8/Materials Resources | -11 -10 -9 -9 -8 ----------- Run | Yrd Mat Mat Min Mat Matter Collected 523 | 260 50 . 80 133 Remotely . | . . . . . Salvage Created 766 | 264 181 . 55 266 Parts 41 | 15 20 . . 6 Haulers Intercepted 1 | . 1 . . . Recyclers Shooed . | . . . . . Parts Field Recycled . | . . . . . Retrieved Matter . | . . . . . Parts Self-Destructed . | . . . . . Prevented . | . . . . . Parts Restored . | . . . . . Kills | -11 -10 -9 -9 -8 ------- Run | Yrd Mat Mat Min Mat Combat Hostiles Destroyed 9 | . 3 . 1 5 Guns 3 | . 3 . . . Cannons 4 | . . . . 4 AOE 1 | . . . 1 . Classes Destroyed 10 | 3 4 . 1 2 Worker 2 | 2 . . . . Builder 1 | . 1 . . . Tunneler 5 | 5 . . . . Hauler 1 | . 1 . . . Recycler 1 | 1 . . . . Watcher 2 | . 2 . . . Swarmer 3 | . 3 . . . Grunt 3 | . . . . 3 Duelist 1 | . . . 1 . Sentry 2 | . . . . 2 Best Kill Streak 4 | 4 2 . 1 3 Combat Bots Only 3 | . 2 . 1 3 Max Kills in Single Turn 1 | 1 1 . 1 1 Gunslinging . | . . . . . Exploded 1 | . . . 1 . Melee . | . . . . . Uniques/NPCs Destroyed . | . . . . . Combat | -11 -10 -9 -9 -8 -------- Run | Yrd Mat Mat Min Mat Hostile Shots Fired 187 | . 7 . 15 165 Missed 62 | . 3 . 4 55 Hits 125 | . 4 . 11 110 Melee 10 | . . . 9 1 Projectile 115 | . 4 . 2 109 Critical Strikes 4 | . . . 1 3 Damage Taken 2185 | 47 29 . 436 1673 Core 736 | 39 23 . 123 551 Absorbed by Shields . | . . . . . Core Remaining (%) 76 | 84 75 . 69 . Volleys Fired 97 | 25 27 1 18 26 Largest 2 | 1 1 1 1 2 Hottest 131 | 40 40 40 40 131 Shots Fired 112 | 25 27 1 18 41 Gun 92 | 25 27 1 18 21 Cannon 20 | . . . . 20 Launcher . | . . . . . Special . | . . . . . Kinetic . | . . . . . Thermal 35 | . . . . 35 Explosive . | . . . . . Electromagnetic 77 | 25 27 1 18 6 Robot Hit Streak 15 | 8 5 . 3 15 Robot Miss Streak 4 | 1 2 1 2 4 Penetration Max . | . . . . . Secondary Targets . | . . . . . Shots Hit Robots 79 | 19 17 . 11 32 Core Hits 33 | 8 8 . 4 13 Critical Kills 1 | . . . . 1 Critical Parts Destroyed . | . . . . . Critical Strikes 4 | . . . 1 3 Burn 2 | . . . . 2 Meltdown 1 | . . . . 1 Corrupt 1 | . . . 1 . Melee Attacks . | . . . . . Impact . | . . . . . Slashing . | . . . . . Piercing . | . . . . . Sneak Attacks . | . . . . . Combat Hostiles . | . . . . . Follow-up Attacks . | . . . . . Damage Inflicted 1529 | 363 267 . 279 620 Guns 887 | 268 236 . 123 260 Cannons 350 | . . . . 350 Explosions 282 | 95 31 . 156 . Melee . | . . . . . Ramming 10 | . . . . 10 Kinetic . | . . . . . Thermal 826 | 95 31 . 156 544 Explosive . | . . . . . Electromagnetic 693 | 268 236 . 123 66 Impact . | . . . . . Slashing . | . . . . . Piercing . | . . . . . Highest Corruption 2 | . 2 . . 2 Average Corruption 1 | . 1 . . 2 Corruption Purged . | . . . . . Corruption Blocked . | . . . . . Effects 3 | . 2 . . 1 Message Errors 1 | . 1 . . . Matter Fused 1 | . . . . 1 Data Loss (major) 1 | . 1 . . . Overload Shots . | . . . . . Overflow Damage 14 | 14 . . . . Projectiles . | . . . . . Explosions 14 | 14 . . . . Melee . | . . . . . Knockbacks . | . . . . . Impact . | . . . . . Kinetic . | . . . . . Secondary . | . . . . . Self-Inflicted Damage 176 | 47 . . 129 . Shots 5 | 2 . . 3 . Rammed 2 | . . . . 2 Targets Rammed 2 | . . . . 2 Kicked . | . . . . . Crushed . | . . . . . Highest Temperature 138 | 12 30 10 138 60 Average Temperature 39 | 12 10 7 88 17 Received Heat Transfer 822 | . . . 12 810 Siege Activations . | . . . . . Martial Activations . | . . . . . Shielding Activations . | . . . . . Robots Disrupted . | . . . . . Combat Hostiles . | . . . . . Robots Corrupted . | . . . . . Combat Hostiles . | . . . . . Parts Fried 3 | 2 1 . . . Impact Corruptions . | . . . . . Robots Melted 1 | . . . . 1 Combat Hostiles 1 | . . . . 1 Parts Melted 6 | . . . . 6 Heat Transferred 1534 | 100 . . 250 1184 Parts Sabotaged . | . . . . . Parts Stolen . | . . . . . Parts Stripped . | . . . . . Power Chain Reactions 6 | 3 1 . 2 . Alert | -11 -10 -9 -9 -8 ------- Run | Yrd Mat Mat Min Mat Maximum Alert Level . | . . . . . Low Security (%) 100 | 100 100 100 100 100 Level 1 . | . . . . . Level 2 . | . . . . . Level 3 . | . . . . . Level 4 . | . . . . . Level 5 . | . . . . . High Security . | . . . . . Max Security . | . . . . . Peak Influence 95 | 10 50 4 41 95 Initial 4 | . . 4 . . Average 11 | 1 11 . 3 25 Influence Increases 581 | 40 107 . 96 338 Destroy 0b10 Robot/C 260 | . 60 . 20 180 Destroy 0b10 Robot/NC 60 | 40 20 . . . Destroy Leader 66 | . 16 . 10 40 Allied During Kill 13 | . . . . 13 Successful Hack 10 | . 10 . . . Disable Machine 15 | . . . 15 . Destroy Structure 7 | . 1 . 6 . Lose Combat Pursuer 150 | . . . 45 105 Influence Decreases 566 | 40 95 12 96 323 Entered New Map 8 | . . 8 . . Time Decay 468 | 40 95 4 76 253 Lost Part 70 | . . . 20 50 Lost Ally 20 | . . . . 20 Squads Dispatched 1 | . . . . 1 Investigation . | . . . . . Extermination . | . . . . . Reinforcement . | . . . . . Assault . | . . . . . Garrison 1 | . . . . 1 Intercept . | . . . . . Searches Triggered . | . . . . . Construction Impeded . | . . . . . Haulers Reinforced . | . . . . . Active Scanning Responses . | . . . . . Cargo Convoy Interrupts . | . . . . . Stealth | -11 -10 -9 -9 -8 --------- Run | Yrd Mat Mat Min Mat Distress Signals 3 | . 1 . . 2 Communications Jammed . | . . . . . Distress Signals . | . . . . . Times Spotted 42 | . 5 3 5 29 Peak Tracking Total 9 | . 2 2 2 9 Tactical Retreats 12 | . . . 3 9 ECM-based Alert Blocks 6 | . . . . 6 Traps | -11 -10 -9 -9 -8 ------- Run | Yrd Mat Mat Min Mat Traps Triggered 1 | . 1 . . . Indirectly . | . . . . . Trap Hack Attempts . | . . . . . Triggered . | . . . . . Disarmed . | . . . . . Reprogrammed . | . . . . . Reused . | . . . . . Traps Extracted . | . . . . . Installed . | . . . . . Triggered . | . . . . . Machines | -11 -10 -9 -9 -8 ---------- Run | Yrd Mat Mat Min Mat Machines Disabled 1 | . . . 1 . Max in Single Turn 1 | . . . 1 . Machines Repaired . | . . . . . Machines Dismantled . | . . . . . Machines Sabotaged . | . . . . . Overloaded Fab Kills . | . . . . . Hacking | -11 -10 -9 -9 -8 --------- Run | Yrd Mat Mat Min Mat Machines Accessed 7 | . 2 3 . 2 Terminals 6 | . 2 3 . 1 Fabricators . | . . . . . Repair Stations . | . . . . . Recycling Units . | . . . . . Scanalyzers . | . . . . . Garrison Access 1 | . . . . 1 Total Hacks 23 | . 9 11 . 3 Successful 9 | . 3 4 . 2 Failed 14 | . 6 7 . 1 Catastrophic . | . . . . . Database Lockouts . | . . . . . Manual . | . . . . . Terminals 21 | . 9 11 . 1 Fabricators . | . . . . . Repair Stations . | . . . . . Recycling Units . | . . . . . Scanalyzers . | . . . . . Garrison Access 2 | . . . . 2 Terminal Hacks 8 | . 3 4 . 1 Record 1 | . 1 . . . Branch Access Points 1 | . . 1 . . Emergency Access Points 1 | . . . . 1 Alert Level 1 | . . 1 . . Locate Traps 1 | . . 1 . . Maintenance Status 1 | . . 1 . . Transport Status 1 | . 1 . . . Zone Layout 1 | . 1 . . . Fabricator Hacks . | . . . . . Repair Station Hacks . | . . . . . Recycling Unit Hacks . | . . . . . Scanalyzer . | . . . . . Garrison Access Hacks 1 | . . . . 1 Unlock Access 1 | . . . . 1 Unauthorized Hacks . | . . . . . Terminals . | . . . . . Fabricators . | . . . . . Repair Stations . | . . . . . Recycling Units . | . . . . . Scanalyzers . | . . . . . Garrison Access . | . . . . . Data Cores Recovered . | . . . . . Used . | . . . . . Hacking Detections 6 | . 2 3 . 1 Full Trace Events 1 | . 1 . . . Feedback Events 1 | . 1 . . . Corruption 1 | . 1 . . . Feedback Blocked . | . . . . . Robot Schematics Acquired . | . . . . . Robots Built . | . . . . . Authchips . | . . . . . Time . | . . . . . Total Robot Build Rating . | . . . . . Part Schematics Acquired . | . . . . . Parts Built . | . . . . . Authchips . | . . . . . Time . | . . . . . Total Part Build Rating . | . . . . . Part Studies Acquired . | . . . . . Parts Repaired . | . . . . . Time . | . . . . . Parts Recycled . | . . . . . Recycled Matter . | . . . . . Retrieved Matter . | . . . . . Retrieved Components . | . . . . . Parts Scanalyzed . | . . . . . Part Schematics Acquired . | . . . . . Parts Damaged . | . . . . . Bothacking | -11 -10 -9 -9 -8 ------------ Run | Yrd Mat Mat Min Mat Used RIF Installer . | . . . . . Robots Hacked . | . . . . . Non-combat . | . . . . . Combat . | . . . . . Robot Hacks Applied . | . . . . . Relay Couplers Released . | . . . . . Fabnet Peak Effective % . | . . . . . Robots Rewired . | . . . . . Allies Hacked . | . . . . . Hacks Repelled . | . . . . . Allies | -11 -10 -9 -9 -8 -------- Run | Yrd Mat Mat Min Mat Total Allies 2 | . . . 2 . Largest Group 2 | . . . 2 2 Highest-Rated Group 41 | . . . 41 41 Highest-Rated Ally 31 | . . . 31 31 Total Orders . | . . . . . Ally Attacks 27 | . . . . 27 Total Damage 412 | . . . . 412 Kills 4 | . . . . 4 Allies Corrupted . | . . . . . Allies Melted . | . . . . . Intel | -11 -10 -9 -9 -8 ------- Run | Yrd Mat Mat Min Mat Active Infowar (turns) 1907 | 155 338 144 801 469 Sensors 1331 | . 311 144 801 75 Terrain 255 | 155 27 . . 73 ECM 394 | . . . . 394 Robot Analysis Total . | . . . . . Derelict Logs Recovered 2 | . . . 2 . Drone Launches . | . . . . . Drone Recoveries . | . . . . . Exploration | -11 -10 -9 -9 -8 ------------- Run | Yrd Mat Mat Min Mat Turns Passed 2266 | 210 338 144 801 773 Spaces Moved 1618 | 126 358 149 630 355 Core 26 | 7 . . . 19 Treads 247 | . . . . 247 Legs 193 | 119 74 . . . Wheels 26 | . . . . 26 Hover 1126 | . 284 149 630 63 Flight . | . . . . . Fastest Speed 50 | 50 56 52 116 80 Average Speed 116 | 116 69 89 116 174 Slowest Speed 250 | 120 120 112 240 250 Overloaded Moves . | . . . . . Propulsion Burnouts . | . . . . . Robots Hopped . | . . . . . Potential Cave-ins . | . . . . . Cave-ins Triggered . | . . . . . Exploration Rate (%) 40 | 4 49 22 99 28 Regions Visited 4 Branch Regions 1 Pre-discovered Areas 1 | . . . 1 . Known Exits Taken 1 | . . 1 . . Unknown Exits Taken 3 | 1 1 . 1 . Scrap Searched 1 | . . . 1 . Spaces Dug . | . . . . . Terrain Destroyed 16 | 9 1 . 6 . Melee . | . . . . . Projectile . | . . . . . AOE 16 | 9 1 . 6 . Terrain Rammed . | . . . . . Walls Destroyed . | . . . . . Machines Disabled . | . . . . . Actions | -11 -10 -9 -9 -8 --------- Run | Yrd Mat Mat Min Mat Total 1895 | 164 419 158 681 473 Wait 96 | . 20 . 23 53 Move 1614 | 125 357 148 629 355 Hop . | . . . . . Pick Up 29 | 8 8 2 4 7 Fast Attach 1 | . . . . 1 Attach 20 | 6 . 3 1 10 Detach 6 | . . 1 1 4 Swap 13 | . 5 2 3 3 Drop 17 | . 2 1 2 12 Fire 97 | 25 27 1 18 26 Melee . | . . . . . Ram 1 | . . . . 1 Kick . | . . . . . Crush 1 | . . . . 1 Escape Stasis . | . . . . . Rewire . | . . . . . Trap . | . . . . . Miscellaneous . | . . . . . Route ------- -11/Scrapyard -10/Materials (discovered 2 exits: *Mat x2) -9/Materials (discovered 3 exits: *Min / Sto x2) -9/Mines (discovered 2 exits: *Mat x2) -8/Materials (discovered 1 exit: Gar) History --------- Turn | Location | Event 4 | -11/Scrapyard | Discovered new exit (range 15) 211 | -11/Scrapyard | Entered Materials 335 | -10/Materials | Build established: Mutant 362 | -10/Materials | Discovered new exit (range 15) 540 | -10/Materials | Discovered new exit (range 16) 549 | -10/Materials | Entered another Materials area 549 | -9/Materials | Evolved 2 slots: Propulsion x1, Utility x1 582 | -9/Materials | Identified exit to Mines 582 | -9/Materials | Identified exit to Storage 693 | -9/Materials | Entered Mines 840 | -9/Mines | Joined a pair of Derelicts in attacking an 0b10 outpost 854 | -9/Mines | Received a Rocket Launcher from a helpful Derelict 959 | -9/Mines | Learned Materials non-interactive machine intel 1047 | -9/Mines | Discovered new exit (range 11) 1109 | -9/Mines | Discovered new exit (range 8) 1494 | -9/Mines | Entered Materials 1494 | -8/Materials | Accompanied by 2 allies 1494 | -8/Materials | Evolved 2 slots: Propulsion x1, Utility x1 1495 | -8/Materials | Loaded intel: 38 non-interactive machine locations 1499 | -8/Materials | Led the pair of lost Derelicts to an unsafe place 1717 | -8/Materials | Garrison activated, responded to threat 1820 | -8/Materials | Identified exit to Garrison 2195 | -8/Materials | Lost 3 parts (1p2w) 2211 | -8/Materials | Core integrity fell below 50% 2226 | -8/Materials | Core integrity fell below 20% 2267 | -8/Materials | Destroyed by S-10 Pest with Light Assault Rifle Last Messages --------------- 02149_ G-50 Soldier suffers critical hit (Burn). 02152_ Field Laser destroyed. 02164_ Particle Cannon destroyed. 02200_ Critical hit (Burn: +37). 02205_ Arm. Treads destroyed. 02208_ Cooling System destroyed. 02216_ Slammed into U-05 Engineer. 02216_ Destabilizing: System corrupted (+2). 02217_ Imp. Heat Sink destroyed. 02222_ Dropped Hrd. Medium Armor Plating. 02223_ Dropped Imp. Targeting Computer. 02223_ Dropped Imp. Terrain Scanner. 02224_ Dropped Heat Sink. 02226_ Dropped Med. Storage Unit. 02227_ Dropped ECM Suite. 02227_ Acquired 20 matter. 02230_ R-06 Scavenger collects Imp. Terrain Scanner. 02236_ System corrupted: Matter fused (-5). 02247_ Wheel destroyed. Map ----- +----------------------------------------------------+ | | | | | | | | | | | | | | | ?????????????????????????????????????????????????? | | ?????????????????????????????????????????????????? | | ?????????????????????????????????????????????????? | | ?????????????????????????????????????????????????? | | ?????????????????????????????????????????????????? | | ?????????????????????????????????????????????????? | | ?????????????????????????????????????????????????? | | ?????????????????????????????????????????????????? | | ?????????????????????????????????????????????????? | | ?????????????????????????????????????????????????? | | ?????????????????????????????????????????????????? | | ????????????????????????#########????????????????? | | ??????????????########### ]#????????????????? | | ??????????????? ###+###??????????? | | ????????????????? ?????????? | | ??????????????????? " ?????????? | | ????????????????????? ????????????? | | ??????????????????????? #????????????????? | | ????????? ????????????#@ #????????????????? | | ????????? ????????????# #######????????????????? | | ????????? ??"""???????# #??????????????????????? | | ????????? #?"""???????# #??????????????????????? | | ??????? +?"""???????# #??????????????????????? | | ??????? #???????????# #??????????????????????? | | ????? #?"""???????# #??????????????????????? | | ????? #?"""???????# #??""""????????????????? | | ?????? #?"""???????#s#??""""????????"""?????? | | ???????# #???????????#Y#??""""????????"""?????? | | ???????# #############g#??????????????"""?????? | | ???????# #??????????????????????? | | ???????# #??????????????????????? | | ???????# ########+#?????????????? | | ???????# ??????????? | | +######### ??????????? | | ## + ??????????? | | ## """ # ######+#############??????????? | | ## "R" ######### #??# #??????????????????? | | %/ " " #?????### #### T #?????"""?"""???????? | | ## #?????# ## #?????"""?"""??"""??? | | ## #?????# ## #?????"""?"""??"""??? | | #########?????+ ! / #??????????????"""??? | | # ?????"""?# % ## """ #??????????????"""??? | | # ?????"""?# ## """ #??????????????"""??? | +----------------------------------------------------+ Best States ------------- Heat Dissipation 67 Energy Generation 14 Energy Capacity 265 Matter Stores 300 Matter Capacity 300 Sight Range 16 Robot Scan Range 14 Terrain Scan Range 16 Terrain Scan Density 10 ECM Strength 1 Armor Coverage 150 Evasion (%) 55 Recoil Reduction 2 Item Schematics ----------------- None Robot Schematics ------------------ None Fabricated ------------ Nothing Repaired ---------- Nothing Studied --------- None Alien Tech Used ----------------- None Achievements -------------- It's Just You Challenges ------------ None Game ------ Seed SurveybotSpectralOptics Manual? 0 Play Time 00:31:10 Cumulative 4.6 hours Start 2025.12.03 @ 22:37:10 End 2025.12.03 @ 23:05:22 Sessions 1 Manual Loads 0 Difficulty Rogue Special Mode None Game No. 10 Rogue 10 Adventurer 0 Explorer 0 Win Type - Total 0 Types 0/0/0/0/0/0/0/0/0/0 Lore% 3 Gallery% 6 Achievement% 10 Wizard Run 0 Options --------- Layout 1 ASCII 0 Keyboard 0 Movement Mouse Keybinds 0 Fullscreen 2 Font 24/Proggy Map View 50x35 Zoom Use 0% Tactical HUD 1 Map Filters NONE Filters NONE Steam 1 RUN: 6eac7722-de7b-4cd4-8d94-24a2ce98980b